 Dungeon Crawl Stone Soup version 0.19.0-19-g8c6edcc (webtiles) character file.

81 lube99 the Firebug (level 4, 0/24 HPs)
             Began as a Deep Elf Fire Elementalist on Nov 8, 2016.
             Killed from afar by an orc wizard (8 damage)
             ... with a puff of flame
             ... on level 3 of the Dungeon on Nov 16, 2016.
             The game lasted 00:13:58 (2363 turns).

lube99 the Firebug (Deep Elf Fire Elementalist)     Turns: 2363, Time: 00:13:59

Health: 0/24       AC:  2    Str:  5    XL:     4   Next: 19%
Magic:  3/11       EV: 14    Int: 21    God:
Gold:   144        SH:  0    Dex: 15    Spells: 2 memorised, 6 levels left

rFire  . . .     SeeInvis .     r - +0 trident
rCold  . . .     Gourm    .     a - +0 robe
rNeg   . . .     Faith    .     (no shield)
rPois  .         Spirit   .     (no helmet)
rElec  .         Reflect  .     (no cloak)
rCorr  .         Harm     .     (no gloves)
MR     .....                    (no boots)
Stlth  ++........               (no amulet)
                                (no ring)
                                (no ring)

@: no status effects
A: no striking features
a: no special abilities


You were on level 3 of the Dungeon.
You were not hungry.

You visited 1 branch of the dungeon, and saw 3 of its levels.

You collected 144 gold pieces.

Inventory:

Hand Weapons
 f - a +0 dagger
 r - a +0 trident (weapon)
Armour
 a - a +0 robe (worn)
Jewellery
 m - a +2 ring of evasion {unknown}
Scrolls
 d - a scroll of amnesia {unknown}
 e - a scroll of teleportation {unknown}
 o - a scroll of recharging {unknown}
 p - a scroll of identify {unknown}
 q - a scroll of enchant weapon {unknown}
Potions
 h - a potion of cure mutation {unknown}
 i - a potion of curing {unknown}
 j - a potion of agility {unknown}
 k - a potion of brilliance {unknown}
Books
 b - a book of Flames

   Spells                             Type                      Level
   a - Flame Tongue                   Conjuration/Fire             1
   b - Throw Flame                    Conjuration/Fire             2
   c - Conjure Flame                  Conjuration/Fire             3
   d - Inner Flame                    Hexes/Fire                   3
   e - Sticky Flame                   Conjuration/Fire             4
   f - Fireball                       Conjuration/Fire             5
Comestibles
 c - 2 bread rations
 g - 2 royal jellies
 l - a meat ration
 n - 3 fruits


   Skills:
 + Level 3.7 Dodging
 - Level 2.4 Stealth
 + Level 3.5 Spellcasting
 + Level 2.4 Conjurations
 + Level 4.0 Fire Magic


You had 6 spell levels left.
You knew the following spells:

 Your Spells              Type           Power        Failure   Level  Hunger
a - Flame Tongue          Conj/Fire      ###..        3%          1    None
b - Conjure Flame         Conj/Fire      ###.....     12%         3    ###....


Dungeon Overview and Level Annotations

Branches:
Dungeon (3/15)

Altars:
Ru
Sif Muna


Message History

The orc wizard is lightly wounded.
The orc wizard casts a spell.
The orc wizard gestures at you while chanting.
The magic dart hits you!
Attack whom?
Press: ? - help, Dir - move target cursor, f/p - orc wizard
Aim: an orc wizard, wielding a dagger and wearing a robe (lightly wounded, fast)
You reach to attack!
You barely miss the orc wizard.
The orc wizard is lightly wounded.
The orc wizard casts a spell at you. The magic dart hits you!
Attack whom?
Press: ? - help, Dir - move target cursor, f/p - orc wizard
Aim: an orc wizard, wielding a dagger and wearing a robe (lightly wounded, fast)
You reach to attack!
You hit the orc wizard but do no damage.
The orc wizard is lightly wounded.
The orc wizard gestures at you while chanting.
The puff of flame hits you!
You die...

......#..........
##.............. #.
#...####..#.... #.
#...#####...... #.
#.............. ####)#
#...###.#...... .....### #
##....#......
###########..####.####.
##.o§@...#.#..........
##(#####.#.#.......... #(#
#...#######..># #.#
#.#.........### #.#
#.###########.. ##†#
#......... #..
######..#####.#########....
.......o......# ###..
###...............# ###


You could see an orc wizard.

Vanquished Creatures
  Natasha (D:3)
  2 worms
  A leopard gecko (D:1)
  4 orcs (D:3)
  7 bats
  6 goblins
  7 hobgoblins
  A ball python (D:2)
  3 frilled lizards
  9 kobolds
  7 rats
48 creatures vanquished.

Vanquished Creatures (others)
  A plant (D:1)
1 creature vanquished.

Grand Total: 49 creatures vanquished

Notes
Turn   | Place    | Note
-------+----------+-------------------------------------------
     0 | D:1      | lube99 the Deep Elf Fire Elementalist began the quest for the Orb.
     0 | D:1      | Reached XP level 1. HP: 10/10 MP: 6/6
   324 | D:1      | Reached XP level 2. HP: 11/15 MP: 8/8
  1421 | D:2      | Reached XP level 3. HP: 19/19 MP: 7/9
  1777 | D:2      | Found a sacrificial altar of Ru.
  1992 | D:3      | Learned a level 3 spell: Conjure Flame
  2027 | D:3      | Found a deep blue altar of Sif Muna.
  2063 | D:3      | Upgraded the game from 0.19.0-9-gfd783f2 to 0.19.0-19-g8c6edcc
  2232 | D:3      | Noticed Natasha
  2261 | D:3      | Killed Natasha
  2261 | D:3      | Reached skill level 4 in Fire Magic
  2261 | D:3      | Reached XP level 4. HP: 22/24 MP: 3/11
  2363 | D:3      | Killed from afar by an orc wizard

Skill      XL: |  1  2  3 |
---------------+----------+-----
Dodging        | 3 |  3.7
Conjurations   | 2 |  2.4
Fire Magic     | 4 |  4.0
Stealth        | |  2.4
Spellcasting   | |  3.5

Action                   |  1- 3 |  4- 6 || total
-------------------------+-------+-------++-------
Melee: Unarmed           |     4 |       ||     4
       Dagger            |    51 |       ||    51
       Trident           |       |     4 ||     4
 Cast: Flame Tongue      |    75 |    11 ||    86
       Conjure Flame     |       |     1 ||     1
 Stab: Sleeping          |     5 |       ||     5
  Eat: Chunk             |     4 |       ||     4
Armor: Robe              |    17 |     2 ||    19
Dodge: Dodged            |    36 |     2 ||    38
